 Dungeon Crawl Stone Soup version 0.19.1 (webtiles) character file.

33334 tognito the Warrior (level 13, -9/190 HPs)
             Began as a Minotaur Berserker on Dec 13, 2016.
             Was the Champion of Trog.
             Mangled by a cyan ugly thing (12 damage)
             ... on level 13 of the Dungeon.
             The game lasted 00:32:11 (12923 turns).

tognito the Warrior (Minotaur Berserker)           Turns: 12923, Time: 00:32:12

Health: -9/190     AC: 19    Str: 31    XL:     13   Next: 36%
Magic:  12/12      EV: 13    Int:  4    God:    Trog [******]
Gold:   1031       SH:  4    Dex: 11    Spells: 0 memorised, 12 levels left

rFire  + . .     SeeInvis +     a - +3 executioner's axe (chop)
rCold  x . .     Gourm    .     n - +1 plate armour
rNeg   . . .     Faith    .     (shield currently unavailable)
rPois  .         Spirit   .     (helmet restricted)
rElec  .         Reflect  +     (no cloak)
rCorr  .         Harm     .     C - +2 pair of gloves
MR     .....                    (no boots)
Stlth  ..........               e - +4 amulet of reflection
                                j - ring of see invisible
                                I - ring of fire

@: berserking (expiring), very quick
A: retaliatory headbutt, horns 2, evolution 1
a: Berserk, Trog's Hand, Brothers in Arms, Burn Spellbooks, Renounce Religion


You were on level 13 of the Dungeon.
You worshipped Trog.
Trog was exalted by your worship.
You were very hungry.

You visited 1 branch of the dungeon, and saw 14 of its levels.

You collected 1067 gold pieces.
You spent 36 gold pieces at shops.

Inventory:

Hand Weapons
 a - a +3 executioner's axe of chopping (weapon)
 b - the +6 arbalest "Damnation" {damnation}
   (Trog gifted it to you on level 8 of the Dungeon)
 J - a +1 triple crossbow of velocity
Missiles
 h - 81 bolts
Armour
 n - a +1 plate armour (worn)
 C - a +2 pair of gloves (worn)
Jewellery
 e - a +4 amulet of reflection (around neck)
 g - an uncursed amulet of rage {unknown}
 j - a ring of see invisible (right hand)
 A - an uncursed ring of flight
 I - a ring of fire (left hand)
Wands
 k - a wand of disintegration (10/24)
 l - a wand of lightning (15/15)
 q - a wand of acid (8/15)
 r - a wand of slowing (22/48)
 t - a wand of paralysis (8/24)
 w - a wand of confusion (26/48)
 z - a wand of confusion (19/48)
 B - a wand of acid (8/15)
 E - a wand of iceblast (4/15)
 M - a wand of confusion (31/48)
 N - a wand of random effects (26/48)
Scrolls
 d - 6 scrolls of remove curse
 i - 5 scrolls of fear
 p - 2 scrolls of recharging
 v - a scroll of summoning {unknown}
 x - 8 scrolls of teleportation
 y - 3 scrolls of enchant armour
 D - 4 scrolls of identify
 F - a scroll of brand weapon
Potions
 f - 8 potions of curing
 s - 2 potions of brilliance
 G - 2 potions of heal wounds
 H - a potion of haste
 K - a potion of might
Comestibles
 c - 15 bread rations
 m - 6 meat rations
 o - 5 beef jerkies
 u - 3 slices of pizza


   Skills:
 * Level 15.6 Fighting
 * Level 15.5 Axes
 + Level 11.5 Armour
 + Level 10.5 Dodging


You had 12 spell levels left.
You didn't know any spells.

Dungeon Overview and Level Annotations

Branches:
Dungeon (14/15)            Temple (0/1) D:4            Lair (0/6) D:8
    Orc (0/2) D:10
 Vaults: D:13-14

Altars:
Cheibriados
Dithmenos
Hepliaklqana
Makhleb
Ru
Trog
Vehumet
Xom
Yredelemnul
Zin
The Shining One
Jiyva

Shops:
D:5 !


Innate Abilities, Weirdness & Mutations

You reflexively headbutt those who attack you in melee.
You have a pair of horns on your head.
You evolve.


Message History

The cyan ugly thing is almost dead.
You barely miss the cyan ugly thing. The cyan ugly thing closely misses you.
You furiously retaliate!
You headbutt the cyan ugly thing!
The cyan ugly thing tentacle-slaps you but does no damage.
You closely miss the cyan ugly thing.
The cyan ugly thing is almost dead.
You closely miss the cyan ugly thing.
The cyan ugly thing closely misses you. x2
You carve the cyan ugly thing like a ham!!!
You kill the cyan ugly thing!
Trog accepts your kill.
You closely miss the cyan ugly thing.
The cyan ugly thing tail-slaps you but does no damage.
You slash the cyan ugly thing!
The cyan ugly thing is severely wounded.
You hit the cyan ugly thing. You headbutt the cyan ugly thing!
The cyan ugly thing is almost dead.
The cyan ugly thing tail-slaps you.
* * * LOW HITPOINT WARNING * * *
The cyan ugly thing shocks you!
You die...

#..........#..........).#....
#..........#...>......))#####
#..........#....#####........
#..........###..#...#........
#............#..#...#........
####.........#..#...#........
#.........#..##'##........
#........†#...............
#.......u@#...............
#.........#...############
#..#####..#...#<..........
#..# #..#...#...........
###..# #..#...#...........
#....# #..#...#...........
#....#####..##'##.#######...
#.................# #...
#.................# #...


You could see a cyan ugly thing.

Vanquished Creatures
  Nessos (D:12)
  The ghost of Uhlv the Grappler, a journeyman TrWr of Okawaru (D:12)
  Josephine (D:10)
  A hydra (D:12)
  A centaur warrior (D:13)
  A tengu warrior (D:12)
  5 skeletal warriors
  An unseen horror (D:10)
  5 hill giants
  Pikel (D:5)
  A deep elf mage (D:12)
  An orc sorcerer (D:9)
  4 ugly things
  A cyclops (D:12)
  A centaur zombie (D:13)
  A gargoyle (D:12)
  A komodo dragon (D:10)
  A yaktaur (D:12)
  A troll (D:10)
  2 hornets
  3 hippogriffs
  4 slime creatures (D:13)
  A spriggan (D:7)
  Sigmund (D:4)
  A basilisk (shapeshifter) (D:13)
  2 hungry ghosts
  10 wraiths
  27 yaks
  2 basilisks (D:13)
  The ghost of Miant the Poker, an amateur DsBe of Trog (D:4)
  3 mottled dragons
  13 wargs (D:9)
  2 hell hounds (D:8)
  A black bear (shapeshifter) (D:13)
  A black bear (D:11)
  2 necrophages (D:8)
  14 orc warriors
  2 sky beasts
  The ghost of Yurafenix the Skirmisher, an amateur MiFi (D:3)
  An eye of draining (D:11)
  2 ice beasts
  2 slaves (D:5)
  2 ogres
  3 phantoms
  A crocodile (D:12)
  4 centaurs
  10 bullfrogs
  5 big kobolds
  4 scorpions
  A wyvern skeleton (D:13)
  10 killer bees
  5 wights (D:7)
  6 crimson imps
  3 hounds
  2 bullfrog zombies
  5 human zombies (D:8)
  6 orc priests
  4 jellies
  A bullfrog skeleton (D:4)
  4 centaur skeletons
  7 orc wizards
  A human skeleton (D:8)
  8 iguanas
  11 worker ants
  A killer bee zombie (D:8)
  A hound zombie (D:5)
  A hound skeleton (D:9)
  A mummy (D:8)
  6 gnolls
  13 adders
  2 shadow imps
  An ooze (D:2)
  4 worms
  8 dart slugs (D:3)
  A leopard gecko (D:2)
  66 orcs
  2 ball pythons
  2 giant cockroaches
  10 goblins
  8 hobgoblins
  10 jackals
  5 quokkas
  A bat (D:2)
  5 frilled lizards
  A jackal skeleton (D:5)
  19 kobolds
  A leopard gecko zombie (D:7)
  An orc skeleton (D:8)
  9 rats
410 creatures vanquished.

Vanquished Creatures (collateral kills)
  4 skeletal warriors (D:11)
4 creatures vanquished.

Grand Total: 414 creatures vanquished

Notes
Turn   | Place    | Note
-------+----------+-------------------------------------------
     0 | D:1      | tognito the Minotaur Berserker began the quest for the Orb.
     0 | D:1      | Reached XP level 1. HP: 19/19 MP: 0/0
   351 | D:1      | Gained mutation: You are partially covered in yellow scales. (AC +2) [potion of mutation]
   351 | D:1      | Gained mutation: You occasionally shout uncontrollably at your foes. [potion of mutation]
   351 | D:1      | Gained mutation: You have large cloven feet. [potion of mutation]
   495 | D:1      | Gained mutation: You evolve. [potion of beneficial mutation]
   740 | D:1      | Reached XP level 2. HP: 27/27 MP: 1/1
  1076 | D:2      | Reached XP level 3. HP: 33/33 MP: 2/2
  1273 | D:2      | Reached ** piety under Trog
  1343 | D:3      | Noticed Yurafenix's ghost (amateur MiFi)
  1360 | D:3      | Killed Yurafenix's ghost
  1360 | D:3      | Reached XP level 4. HP: 30/41 MP: 3/3
  1360 | D:3      | Reached XP level 5. HP: 34/47 MP: 4/4
  1432 | D:3      | Reached skill level 5 in Axes
  1630 | D:3      | Reached skill level 5 in Fighting
  1639 | D:3      | Found a sacrificial altar of Ru.
  1967 | D:3      | Found a radiant altar of Vehumet.
  1968 | D:3      | Found a bloodstained altar of Trog.
  2033 | D:4      | Reached XP level 6. HP: 40/56 MP: 5/5
  2346 | D:4      | Gained mutation: You have a pair of large horns on your head. [potion of beneficial mutation]
  2360 | D:4      | Reached *** piety under Trog
  2401 | D:4      | Noticed Sigmund
  2417 | D:4      | Killed Sigmund
  2465 | D:4      | Noticed Miant's ghost (amateur DsBe)
  2472 | D:4      | Killed Miant's ghost
  2472 | D:4      | Reached XP level 7. HP: 60/64 MP: 6/6
  2916 | D:4      | Found a staircase to the Ecumenical Temple.
  2927 | D:4      | Lost mutation: You are partially covered in yellow scales. (AC +2) [potion of cure mutation]
  2927 | D:4      | Lost mutation: You have a pair of large horns on your head. [potion of cure mutation]
  2927 | D:4      | Lost mutation: You occasionally shout uncontrollably at your foes. [potion of cure mutation]
  3007 | D:4      | Noticed a hungry ghost
  3030 | D:4      | Killed a hungry ghost
  3030 | D:4      | Reached skill level 5 in Armour
  3056 | D:4      | Reached XP level 8. HP: 61/73 MP: 7/7
  3304 | D:5      | Entered Level 5 of the Dungeon
  3417 | D:5      | Reached skill level 5 in Dodging
  3609 | D:5      | Found Giroh Dasm's Distillery.
  3617 | D:5      | Bought a potion of curing for 36 gold pieces
  4020 | D:5      | Noticed Pikel
  4034 | D:5      | Killed Pikel
  4161 | D:6      | Reached XP level 9. HP: 74/82 MP: 8/8
  4324 | D:6      | Reached **** piety under Trog
  4342 | D:6      | Found a hazy altar of Hepliaklqana.
  5375 | D:7      | Reached skill level 10 in Axes
  5413 | D:7      | Reached skill level 10 in Fighting
  5837 | D:8      | Found a staircase to the Lair.
  6047 | D:8      | Found a glowing silver altar of Zin.
  6079 | D:8      | Lost mutation: You have large cloven feet. [evolution]
  6131 | D:8      | Found a shimmering altar of Xom.
  6148 | D:8      | Reached ***** piety under Trog
  6186 | D:8      | Reached XP level 10. HP: 45/94 MP: 9/9
  6363 | D:8      | Found a burning altar of Makhleb.
  6538 | D:8      | Received a gift from Trog
  6547 | D:8      | Found a basalt altar of Yredelemnul.
  7202 | D:9      | Found a glowing golden altar of the Shining One.
  7607 | D:9      | You fall through a shaft!
  7607 | D:10     | Entered Level 10 of the Dungeon
  7607 | D:10     | Noticed an unseen horror
  7616 | D:10     | Killed an unseen horror
  7643 | D:10     | Found a staircase to the Orcish Mines.
  7898 | D:9      | Noticed an orc sorcerer
  7899 | D:9      | Killed an orc sorcerer
  7899 | D:9      | Reached XP level 11. HP: 70/104 MP: 10/10
  8014 | D:9      | Received a gift from Trog
  8749 | D:10     | Noticed a hill giant
  8756 | D:10     | Killed a hill giant
  8773 | D:10     | Noticed Josephine
  8790 | D:10     | Killed Josephine
  8794 | D:10     | HP: 7/160 [wraith[Josephine] (2)]
  8798 | D:10     | HP: 3/160 [wraith[Josephine] (6)]
  9733 | D:11     | Noticed a hill giant
  9738 | D:11     | Killed a hill giant
  9738 | D:11     | Reached skill level 10 in Armour
  9738 | D:11     | Reached XP level 12. HP: 115/115 MP: 11/11
  9782 | D:11     | Found a shadowy altar of Dithmenos.
 10730 | D:12     | Received a gift from Trog
 10793 | D:12     | Found a snail-covered altar of Cheibriados.
 10808 | D:12     | Noticed Uhlv's ghost (journeyman TrWr)
 10817 | D:12     | Killed Uhlv's ghost
 11244 | D:12     | Noticed a five-headed hydra
 11245 | D:12     | Killed a five-headed hydra
 11317 | D:12     | Noticed a tengu warrior
 11332 | D:12     | HP: 5/177 [tengu warrior/long sword (6)]
 11332 | D:12     | HP: 2/177 [tengu warrior/long sword (3)]
 11334 | D:12     | Killed a tengu warrior
 11775 | D:12     | Noticed Nessos
 11777 | D:12     | Killed Nessos
 11957 | D:12     | Reached skill level 10 in Dodging
 12076 | D:12     | Reached skill level 15 in Fighting
 12448 | D:13     | Reached skill level 15 in Axes
 12448 | D:13     | Reached XP level 13. HP: 126/126 MP: 12/12
 12905 | D:14     | Found a viscous altar of Jiyva.
 12917 | D:13     | Reached ****** piety under Trog
 12917 | D:13     | HP: 3/190 [cyan ugly thing (13)]
 12923 | D:13     | HP: 3/190 [cyan ugly thing (2)]
 12923 | D:13     | Mangled by a cyan ugly thing

Skill      XL: |  1  2  3  4  5  6  7  8  9 10 11 12 |
---------------+-------------------------------------+-----
Fighting       | 4 5 6 7 8 10 12 13 15 | 15.6
Axes           | 4 5 6 7 9 10 12 13 15 | 15.5
Armour         | 3 4 5 6 7 8 10 11 | 11.5
Dodging        | 3 4 5 6 7 8 10 | 10.5

Action                   |  1- 3 |  4- 6 |  7- 9 | 10-12 | 13-15 || total
-------------------------+-------+-------+-------+-------+-------++-------
Melee: Hand axe          |    70 |   124 |    24 |       |       ||   218
       Headbutt          |    19 |    25 |    49 |    73 |    18 ||   184
       Kick              |     8 |    44 |    72 |       |       ||   124
       War axe           |       |       |   299 |    85 |       ||   384
       Battleaxe         |       |       |       |    87 |       ||    87
       Executioner's axe |       |       |       |   229 |    54 ||   283
 Fire: Arbalest          |       |       |       |    78 |     7 ||    85
       Triple crossbow   |       |       |       |     3 |       ||     3
Throw: Tomahawk          |       |       |     6 |       |       ||     6
Invok: Trog's Hand       |     1 |       |       |       |       ||     1
       Berserk           |       |     1 |       |     4 |     1 ||     6
       Burn Spellbooks   |       |       |     3 |     1 |       ||     4
       Brothers in Arms  |       |       |       |     1 |       ||     1
  Use: Scroll            |     5 |       |     8 |       |       ||    13
       Potion            |     2 |     3 |     6 |     5 |     1 ||    17
 Stab: Paralysed         |       |     1 |       |       |       ||     1
       Invisible         |       |       |       |       |     2 ||     2
  Eat: Chunk             |     1 |     5 |     9 |    21 |     3 ||    39
       Meat ration       |       |       |     2 |       |       ||     2
       Fruit             |       |       |       |     4 |       ||     4
Armor: Chain mail        |    24 |    44 |       |       |       ||    68
       Animal skin       |     4 |       |       |       |       ||     4
       Plate armour      |       |     5 |   207 |   209 |    34 ||   455
       Skin              |       |       |       |     1 |       ||     1
Dodge: Dodged            |    22 |    36 |   132 |   185 |    30 ||   405
Block: Other             |    13 |    15 |    52 |    76 |    10 ||   166
       Reflection        |       |       |     2 |     7 |       ||     9
